 Dungeon Crawl Stone Soup version 0.21-a0-401-g0b6bec4 (webtiles) character file.

894 Shymer the Chopper (level 7, -6/76 HPs)
             Began as a Minotaur Fighter on Oct 25, 2017.
             Was a Follower of Qazlal.
             Splashed by a centaur's acid (12 damage)
             ... on level 5 of the Dungeon.
             The game lasted 00:27:44 (3339 turns).

Shymer the Chopper (Minotaur Fighter)               Turns: 3339, Time: 00:27:48

Health: -6/76      AC:  5    Str: 21    XL:     7   Next: 78%
Magic:  6/6        EV:  6    Int:  5    God:    Qazlal [*.....]
Gold:   187        SH: 17    Dex: 11    Spells: 6/6 levels left

rFire    . . .     SeeInvis .   a - +1 war axe
rCold    . . .     Gourm    .   e - +0 large shield
rNeg     . . .     Faith    .   L - +0 scale mail
rPois    .         Spirit   .   r - +1 hat
rElec    .         Reflect  .   (no cloak)
rCorr    .         Harm     .   i - +0 pair of gloves
MR       .....                  (no boots)
Stlth    ..........             E - amulet of Vitality {Regen+ HP+15}
HPRegen  0.62/turn              y - ring of flight
MPRegen  0.10/turn              (no ring)

@: corroded, very slightly contaminated
A: retaliatory headbutt, horns 2
a: Renounce Religion, Evoke Flight


You were on level 5 of the Dungeon.
You worshipped Qazlal.
Qazlal was aware of your devotion.
You were not hungry.

You visited 2 branches of the dungeon, and saw 6 of its levels.

You collected 187 gold pieces.

Inventory:

Hand Weapons
 a - a +1 war axe (weapon)
 z - a +0 blowgun
Missiles
 g - 27 arrows
 A - 7 poisoned needles (quivered)
 K - 22 bolts
Armour
 b - a +0 scale mail
 c - a +0 shield
 e - a +0 large shield (worn)
 i - a +0 pair of gloves (worn)
 j - a +1 hat
 r - a +1 hat (worn)
 s - a +0 ring mail
 C - a +0 ring mail
 L - a +0 scale mail (worn)
Jewellery
 u - an uncursed amulet of rage
 y - a ring of flight (left hand)
 E - the amulet of Vitality (around neck) {Regen+ HP+15}
   (You found it on level 5 of the Dungeon)

   [amulet of regeneration]

   It affects your health (+15).
   It increases your rate of regeneration.
 J - an uncursed ring of positive energy {unknown}
Wands
 F - a wand of random effects (38/48)
 H - a wand of acid (9/15)
Scrolls
 k - 4 scrolls of teleportation
 t - 2 scrolls of blinking
 v - a scroll of recharging
 G - a scroll of magic mapping
Potions
 d - 2 potions of might
 h - a potion of ambrosia {unknown}
 l - 2 potions of resistance
 n - a potion of flight {unknown}
 o - a potion of experience {unknown}
 q - 3 potions of heal wounds {unknown}
 w - a potion of cancellation {unknown}
 B - a potion of mutation {unknown}
 D - 2 potions of curing {unknown}
 I - a potion of agility {unknown}
Comestibles
 f - 3 bread rations
 m - 4 meat rations
 p - 2 fruits
 x - 2 royal jellies


   Skills:
 * Level 5.2 Fighting
 + Level 7.6 Axes
 + Level 5.1 Armour
 + Level 1.5 Dodging
 + Level 6.2 Shields
 + Level 0.4 Evocations


You had 6 spell levels left.
You didn't know any spells.

Dungeon Overview and Level Annotations

Branches:
Dungeon (5/15)             Temple (1/1) D:4

Altars:
Ashenzari
Cheibriados
Dithmenos
Elyvilon
Fedhas
Gozag
Hepliaklqana
Kikubaaqudgha
Nemelex Xobeh
Okawaru
Qazlal
Ru
Sif Muna
Trog
Vehumet
Wu Jian
Xom
Yredelemnul
Zin
The Shining One

Annotations:
D:5 Prince Ribbit


Innate Abilities, Weirdness & Mutations

You reflexively headbutt those who attack you in melee.
You have a pair of horns on your head.


Message History

Items here: ( ) †† an uncursed shortbow; 15 arrows; a centaur corpse; a hound corpse You hit the centaur.
The centaur is lightly wounded.
The centaur unwields an uncursed shortbow.
You block the centaur's attack.
Prince Ribbit blinks!
You block the centaur's attack.
Your shield and scale mail prevent you from hitting the centaur.
The centaur is lightly wounded.
You block the centaur's attack. The centaur hits you.
You hit the centaur but do no damage.
The centaur is lightly wounded.
The centaur hits you! You block the centaur's attack.
Your shield and scale mail prevent you from hitting the centaur.
You headbutt the centaur, but do no damage.
The centaur is lightly wounded.
Prince Ribbit blinks!
The centaur zaps a wand.
The bolt of acid hits you!
* * * LOW HITPOINT WARNING * * *
You are splashed with acid!
The acid burns!
You die...

#.# #........# #(#
#.......##
#.#####(# #.#...###
#.......#.##.#.#.##
#####...# ..###..#
######..## ##.#.###
#.....§.# #.##
#.####c## #.# #@#
#.# #(# #.# #.# #.#
#.# #.# #.# #.#
#.#######.#
#.##......#
#.##.###### #.
#.##.#


You could see a centaur.

Vanquished Creatures
  The ghost of Sarzael the Changer, an amateur DrTm (D:4)
  An ogre (D:4)
  A centaur (D:5)
  A scorpion (D:4)
  A crimson imp (D:5)
  2 orc priests (D:4)
  4 hounds
  An iguana (D:4)
  A bullfrog skeleton (D:4)
  2 worker ants
  2 orc wizards (D:4)
  A hound skeleton (D:5)
  3 gnolls (D:4)
  6 adders
  An adder zombie (D:5)
  An adder skeleton (D:5)
  3 worms
  5 leopard geckos
  7 orcs
  2 giant cockroaches
  2 hobgoblins (D:3)
  3 quokkas
  7 bats
  4 frilled lizards
  8 goblins
  A jackal zombie (D:4)
  10 kobolds
  4 rats
85 creatures vanquished.

Notes
Turn   | Place    | Note
-------+----------+-------------------------------------------
     0 | D:1      | Shymer the Minotaur Fighter began the quest for the Orb.
     0 | D:1      | Reached XP level 1. HP: 19/19 MP: 0/0
   152 | D:2      | Reached skill level 3 in Axes
   160 | D:1      | Reached XP level 2. HP: 15/27 MP: 1/1
   577 | D:1      | Reached skill level 1 in Dodging
   911 | D:2      | Reached XP level 3. HP: 33/33 MP: 2/2
   974 | D:2      | Reached skill level 4 in Axes
  1066 | D:2      | Found a stormy altar of Qazlal.
  1066 | D:2      | Found a white marble altar of Elyvilon.
  1066 | D:2      | Found a basalt altar of Yredelemnul.
  1066 | D:2      | Found a blossoming altar of Fedhas.
  1085 | D:2      | Became a worshipper of Qazlal Stormbringer
  1090 | D:2      | Found a hazy altar of Hepliaklqana.
  1090 | D:2      | Found a deep blue altar of Sif Muna.
  1632 | D:3      | Found a faded altar of an unknown god.
  1646 | D:3      | Reached XP level 4. HP: 32/40 MP: 3/3
  1937 | D:5      | Entered Level 5 of the Dungeon
  1977 | D:4      | Reached skill level 5 in Axes
  2007 | D:4      | Reached XP level 5. HP: 26/46 MP: 4/4
  2038 | D:4      | Noticed Sarzael's ghost (amateur DrTm)
  2053 | D:4      | Reached * piety under Qazlal
  2077 | D:4      | Killed Sarzael's ghost
  2077 | D:4      | Reached skill level 6 in Axes
  2077 | D:4      | Reached XP level 6. HP: 33/52 MP: 5/5
  2112 | D:4      | Reached skill level 5 in Shields
  2415 | D:4      | Found a staircase to the Ecumenical Temple.
  2421 | Temple   | Entered the Ecumenical Temple
  2623 | D:4      | Reached skill level 7 in Axes
  2623 | D:4      | Reached XP level 7. HP: 35/60 MP: 6/6
  2906 | D:5      | Reached skill level 5 in Armour
  2976 | D:5      | Found the amulet of Vitality {Regen+ HP+15}
  3244 | D:5      | Reached skill level 5 in Fighting
  3304 | D:5      | Noticed Prince Ribbit
  3339 | D:5      | Splashed by a centaur's acid

Vault maps used:
D:1:      minmay_arrival_arboretum_small
D:2:      minmay_overflow_temple_hex, first_bread
D:3:      chequers_ecumenical_altar_simple
D:4:      minmay_temple_entry_fiery
D:5:      kennysheep_doodads, uniq_prince_ribbit1
Temple:   zaba_magenta_temple

Skill      XL: |  1  2  3  4  5  6  7 |
---------------+----------------------+-----
Axes           | 3 4 5 6 7 |  7.6
Dodging        | 1 |  1.5
Shields        | 4 5 6 |  6.2
Armour         | 4 5 |  5.1
Fighting       | 4 5 |  5.2
Evocations     | |  0.4

Action                   |  1- 3 |  4- 6 |  7- 9 || total
-------------------------+-------+-------+-------++-------
Melee: War axe           |    99 |    94 |    94 ||   287
       Headbutt          |     9 |    12 |    14 ||    35
 Abil: Evoke Berserk Rag |       |     1 |       ||     1
  Use: Scroll            |     3 |     6 |     4 ||    13
       Potion            |       |     1 |       ||     1
  Eat: Royal jelly       |     1 |     1 |       ||     2
       Chunk             |       |     2 |       ||     2
       Bread ration      |       |     1 |       ||     1
Armor: Scale mail        |    61 |    32 |    27 ||   120
Dodge: Dodged            |    16 |    12 |    18 ||    46
Block: Large shield      |    99 |    77 |    85 ||   261
       Shield            |     1 |       |       ||     1

Table legend:
 A = Spawn XP
 B = Non-spawn XP
 C = Spawn XP percentage of total XP
 D = Spawn monster count
 E = Non-spawn monster count
 F = Spawn count percentage of total count
 G = Total turns spent on level
                    A         B        C        D         E        F      G
               +---------+---------+-------+---------+---------+-------+---------
         Total |       0 |    1278 |   0.0 |       0 |      85 |   0.0 |  3339
               +---------+---------+-------+---------+---------+-------+---------
           D:1 |       0 |      22 |   0.0 |       0 |      14 |   0.0 |   744
           D:2 |       0 |      34 |   0.0 |       0 |      12 |   0.0 |   617
           D:3 |       0 |      37 |   0.0 |       0 |      15 |   0.0 |   541
           D:4 |       0 |     859 |   0.0 |       0 |      31 |   0.0 |   862
           D:5 |       0 |     326 |   0.0 |       0 |      13 |   0.0 |   498
               +---------+---------+-------+---------+---------+-------+---------
